SA
LOUISIANA DRAGOONS @ SYRACUSE STORM
06/26/2026
 
TOP OF THE 1ST
Louisiana Dragoons batting - Pitching for Syracuse Storm : LHP Heyg Lamper
Pitching: LHP Heyg Lamper
Batting: RHB Giuseppe Provolone 0-0: Called Strike
0-1: Called Strike
0-2: Ball
1-2: Ground out 5-3 (Groundball, 5L)
Batting: RHB Jeremy Boyter 0-0: Ball
1-0: Ball
2-0: Foul Ball, location: 2F
2-1: Ball
3-1: Base on Balls
Batting: RHB Jody Bennett 0-0: Ball
1-0: Ball
2-0: Ball
3-0: Base on Balls
Jeremy Boyter to second
Batting: RHB Domingo Colón 0-0: Ball
1-0: Ball
2-0: Ball
3-0: Called Strike
3-1: Called Strike
3-2: Fly out, F7 (Line Drive, 7)
Lined into DP, 7-4 (Line Drive, 7)
Top of the 1st over - 0 run(s), 0 hit(s), 0 error(s), 1 left on base; Louisiana 0 - Syracuse 0
BOTTOM OF THE 1ST
Syracuse Storm batting - Pitching for Louisiana Dragoons : RHP António Andrade
Pitching: RHP António Andrade
Batting: LHB William Duffy 0-0: Foul Ball, location: 2F
0-1: Called Strike
0-2: Ball
1-2: Foul Ball, location: 2F
1-2: Foul Ball, location: 2F
1-2: Ground out 4-3 (Groundball, 4)
Batting: RHB Phil Sherman 0-0: Ground out 5-3 (Groundball, 56S)
Batting: RHB Vito Middendorf 0-0: Fly out, F2 (Popup, 3S)
Bottom of the 1st over - 0 run(s), 0 hit(s), 0 error(s), 0 left on base; Louisiana 0 - Syracuse 0
TOP OF THE 2ND
Louisiana Dragoons batting - Pitching for Syracuse Storm : LHP Heyg Lamper
Batting: RHB Harry Gibson 0-0: Ball
1-0: Ground out 5-3 (Groundball, 56)
Batting: SHB Leo Reyes 0-0: Called Strike
0-1: Ball
1-1: SINGLE (Groundball, 4MD)
Batting: RHB Emmanuele Lucchetti 0-0: Swinging Strike
0-1: Called Strike
0-2: Ball
1-2: SINGLE (Line Drive, 8RS)
Leo Reyes to second
Batting: RHB José Luque 0-0: Called Strike
0-1: Called Strike
0-2: Ball
1-2: Ball
2-2: Foul Ball, location: 2F
2-2: Foul Ball, location: 2F
2-2: Ball
3-2: Foul Ball, location: 2F
3-2: Base on Balls
Leo Reyes to third
Emmanuele Lucchetti to second
Batting: RHB Armando Carmona 0-0: Foul Ball, location: 2F
0-1: Ball
1-1: Swinging Strike
1-2: Foul Ball, location: 2F
1-2: Ball
2-2: Strikes out swinging
Batting: RHB Giuseppe Provolone 0-0: Swinging Strike
0-1: Ball
1-1: Ground out 5-3 (Groundball, 56S)
Top of the 2nd over - 0 run(s), 2 hit(s), 0 error(s), 3 left on base; Louisiana 0 - Syracuse 0
BOTTOM OF THE 2ND
Syracuse Storm batting - Pitching for Louisiana Dragoons : RHP António Andrade
Batting: LHB José Trejo 0-0: Ball
1-0: Ball
2-0: Foul Ball, location: 2F
2-1: Ball
3-1: Base on Balls
Batting: LHB Phil MacNamara 0-0: Ball
1-0: Foul Ball, location: 2F
1-1: Called Strike
1-2: Strikes out swinging
Batting: RHB Jerry Bowen 0-0: Ball
1-0: Swinging Strike
1-1: Called Strike
1-2: Ball
2-2: SINGLE (Groundball, 4D)
José Trejo to second
Batting: RHB Eduardo Santos 0-0: Called Strike
0-1: Foul Ball, location: 2F
0-2: Fly out, F9 (Flyball, 9S)
Batting: LHB Ricardo Ríos 0-0: Ball
1-0: Ball
2-0: Ball
3-0: Called Strike
3-1: SINGLE (Groundball, 4D)
José Trejo to third
Jerry Bowen to second
Runner from 3rd tries for Home, SAFE, no throw
Batting: RHB Tyrell Wellick 0-0: Ball
1-0: Foul Ball, location: 2F
1-1: Foul Ball, location: 2F
1-2: SINGLE (Groundball, 6D)
Jerry Bowen to third
Ricardo Ríos to second
Runner from 3rd tries for Home, SAFE, no throw
Batting: LHB William Duffy 0-0: Ball
1-0: Fly out, F7 (Line Drive, 7)
Bottom of the 2nd over - 2 run(s), 3 hit(s), 0 error(s), 2 left on base; Louisiana 0 - Syracuse 2
TOP OF THE 3RD
Louisiana Dragoons batting - Pitching for Syracuse Storm : LHP Heyg Lamper
Batting: RHB Jeremy Boyter 0-0: Ground out 1-3 (Groundball, P)
Batting: RHB Jody Bennett 0-0: Called Strike
0-1: Fly out, F8 (Flyball, 8RM)
Batting: RHB Domingo Colón 0-0: Ball
1-0: Ball
2-0: Foul Ball, location: 2F
2-1: Foul Ball, location: 2F
2-2: Ball
3-2: Foul Ball, location: 2F
3-2: Strikes out looking
Top of the 3rd over - 0 run(s), 0 hit(s), 0 error(s), 0 left on base; Louisiana 0 - Syracuse 2
BOTTOM OF THE 3RD
Syracuse Storm batting - Pitching for Louisiana Dragoons : RHP António Andrade
Batting: RHB Phil Sherman 0-0: Called Strike
0-1: Ground out 1-3 (Groundball, P)
Batting: RHB Vito Middendorf 0-0: Hit by Pitch
Batting: LHB José Trejo 0-0: Ball
1-0: SINGLE (Line Drive, 56D)
Vito Middendorf to second
Batting: LHB Phil MacNamara 0-0: Ball
1-0: Ball
2-0: Swinging Strike
2-1: Ball
3-1: Foul Ball, location: 2F
3-2: SINGLE (Groundball, 34D)
Vito Middendorf to third
José Trejo to second
Runner from 3rd tries for Home, SAFE, no throw
Batting: RHB Jerry Bowen 0-0: Swinging Strike
0-1: Foul Ball, location: 2F
0-2: Foul Ball, location: 2F
0-2: Ball
1-2: Grounds into double play, 5-4-3 (Groundball, 5)
Bottom of the 3rd over - 1 run(s), 2 hit(s), 0 error(s), 1 left on base; Louisiana 0 - Syracuse 3
TOP OF THE 4TH
Louisiana Dragoons batting - Pitching for Syracuse Storm : LHP Heyg Lamper
Batting: RHB Harry Gibson 0-0: Ball
1-0: Called Strike
1-1: Ball
2-1: Fly out, F9 (Flyball, 9LSF)
Batting: SHB Leo Reyes 0-0: Foul Ball, location: 2F
0-1: Ball
1-1: Ball
2-1: Foul Ball, location: 2F
2-2: SINGLE (Groundball, 6MD)
Batting: RHB Emmanuele Lucchetti 0-0: Called Strike
0-1: SINGLE (Groundball, 6MD)
Leo Reyes to second
Batting: RHB José Luque 0-0: Fly out, F7 (Flyball, 7)
Batting: RHB Armando Carmona 0-0: Called Strike
0-1: Called Strike
0-2: Strikes out swinging
Top of the 4th over - 0 run(s), 2 hit(s), 0 error(s), 2 left on base; Louisiana 0 - Syracuse 3
BOTTOM OF THE 4TH
Syracuse Storm batting - Pitching for Louisiana Dragoons : RHP António Andrade
Batting: RHB Eduardo Santos 0-0: Ball
1-0: Called Strike
1-1: Swinging Strike
1-2: Foul Ball, location: 2F
1-2: Strikes out swinging, 2-3 out at first.
Batting: LHB Ricardo Ríos 0-0: DOUBLE (Line Drive, 9LD)
Batting: RHB Tyrell Wellick 0-0: Ball
1-0: Ball
2-0: Ball
3-0: Called Strike
3-1: Called Strike
3-2: DOUBLE (Flyball, 89D)
Ricardo Ríos scores
Batting: LHB William Duffy 0-0: Foul Ball, location: 2F
0-1: Ball
1-1: Swinging Strike
1-2: Strikes out swinging
Batting: RHB Phil Sherman 0-0: Ball
1-0: Fly out, F9 (Flyball, 9LM)
Bottom of the 4th over - 1 run(s), 2 hit(s), 0 error(s), 1 left on base; Louisiana 0 - Syracuse 4
TOP OF THE 5TH
Louisiana Dragoons batting - Pitching for Syracuse Storm : LHP Heyg Lamper
Batting: RHB Giuseppe Provolone 0-0: Called Strike
0-1: Ground out 5-3 (Groundball, 56)
Batting: RHB Jeremy Boyter 0-0: Ball
1-0: Ball
2-0: Called Strike
2-1: Ball
3-1: Called Strike
3-2: Foul Ball, location: 2F
3-2: Base on Balls
Pitching: RHP Rich McLean
Batting: RHB Jody Bennett 0-0: Called Strike
0-1: Ball
1-1: Called Strike
Jeremy Boyter steals 2nd base
1-2: Ball
2-2: SINGLE (Groundball, 5S) (infield hit)
Jeremy Boyter to third
Batting: RHB Domingo Colón 0-0: Called Strike
Jody Bennett steals 2nd base
0-1: Ground out 5-3 (Groundball, 56)
Jeremy Boyter scores
Batting: RHB Harry Gibson 0-0: Foul Ball, location: 2F
0-1: Called Strike
0-2: Ball
1-2: Strikes out swinging
Top of the 5th over - 1 run(s), 1 hit(s), 0 error(s), 1 left on base; Louisiana 1 - Syracuse 4
BOTTOM OF THE 5TH
Syracuse Storm batting - Pitching for Louisiana Dragoons : RHP António Andrade
Batting: RHB Vito Middendorf 0-0: Ball
1-0: Ball
2-0: Called Strike
2-1: Foul Ball, location: 2F
2-2: Strikes out swinging
Batting: LHB José Trejo 0-0: Ball
1-0: Fly out, F7 (Flyball, 7S)
Batting: LHB Phil MacNamara 0-0: Ball
1-0: Ball
2-0: Ball
3-0: Called Strike
3-1: Fly out, F6 (Popup, 56D)
Bottom of the 5th over - 0 run(s), 0 hit(s), 0 error(s), 0 left on base; Louisiana 1 - Syracuse 4
TOP OF THE 6TH
Louisiana Dragoons batting - Pitching for Syracuse Storm : RHP Rich McLean
Batting: SHB Leo Reyes 0-0: Called Strike
0-1: Called Strike
0-2: Ball
1-2: Strikes out swinging
Batting: RHB Emmanuele Lucchetti 0-0: Fly out, F9 (Flyball, 9LM)
Batting: RHB José Luque 0-0: Called Strike
0-1: Ball
1-1: Called Strike
1-2: Foul Ball, location: 2F
1-2: Ball
2-2: Foul Ball, location: 2F
2-2: Strikes out swinging
Top of the 6th over - 0 run(s), 0 hit(s), 0 error(s), 0 left on base; Louisiana 1 - Syracuse 4
BOTTOM OF THE 6TH
Syracuse Storm batting - Pitching for Louisiana Dragoons : RHP António Andrade
Batting: RHB Jerry Bowen 0-0: Ball
1-0: Ball
2-0: Called Strike
2-1: Ball
3-1: Fly out, F6 (Line Drive, 6)
Batting: RHB Eduardo Santos 0-0: Called Strike
0-1: Ball
1-1: Foul Ball, location: 2F
1-2: Strikes out swinging
Pitching: RHP Cornelius Bigelow
Batting: LHB Ricardo Ríos 0-0: Called Strike
0-1: Foul Ball, location: 2F
0-2: Strikes out swinging
Bottom of the 6th over - 0 run(s), 0 hit(s), 0 error(s), 0 left on base; Louisiana 1 - Syracuse 4
TOP OF THE 7TH
Louisiana Dragoons batting - Pitching for Syracuse Storm : RHP Rich McLean
Batting: RHB Armando Carmona 0-0: Ball
1-0: Ball
2-0: Ball
3-0: Base on Balls
Batting: RHB Giuseppe Provolone 0-0: Called Strike
0-1: Ball
1-1: SINGLE (Line Drive, 9LS)
Armando Carmona to second
Batting: RHB Jeremy Boyter 0-0: Called Strike
Armando Carmona is caught stealing 3rd base
Giuseppe Provolone to second
0-1: Foul Ball, location: 2F
0-2: Ball
1-2: Ball
2-2: Foul Ball, location: 2F
2-2: Strikes out swinging
Batting: RHB Jody Bennett 0-0: Fly out, F4 (Popup, 4D)
Top of the 7th over - 0 run(s), 1 hit(s), 0 error(s), 1 left on base; Louisiana 1 - Syracuse 4
BOTTOM OF THE 7TH
Syracuse Storm batting - Pitching for Louisiana Dragoons : RHP Cornelius Bigelow
Batting: RHB Tyrell Wellick 0-0: Ball
1-0: Ball
2-0: Called Strike
2-1: Ball
3-1: Foul Ball, location: 2F
3-2: Foul Ball, location: 2F
3-2: Fly out, F9 (Flyball, 9LS)
Batting: LHB William Duffy 0-0: Called Strike
0-1: Foul Ball, location: 2F
0-2: Ball
1-2: Ball
2-2: Ball
3-2: SINGLE (Groundball, 6D)
Pitching: RHP Alfredo Velásquez
Batting: RHB Phil Sherman 0-0: Fly out, F8 (Flyball, 8LM)
Batting: RHB Vito Middendorf 0-0: Called Strike
0-1: Swinging Strike
0-2: Foul Ball, location: 2F
0-2: Ball
1-2: Strikes out swinging
Bottom of the 7th over - 0 run(s), 1 hit(s), 0 error(s), 1 left on base; Louisiana 1 - Syracuse 4
TOP OF THE 8TH
Louisiana Dragoons batting - Pitching for Syracuse Storm : RHP Rich McLean
Batting: RHB Domingo Colón 0-0: Swinging Strike
0-1: Ground out 5-3 (Groundball, 56)
Batting: RHB Harry Gibson 0-0: Ball
1-0: SINGLE (Groundball, 56D)
Pitching: RHP Gonzalo Montés
Batting: SHB Leo Reyes 0-0: Called Strike
0-1: Called Strike
0-2: Ball
1-2: Strikes out swinging
Batting: RHB Emmanuele Lucchetti 0-0: Swinging Strike
0-1: Ball
1-1: Foul Ball, location: 2F
1-2: Foul Ball, location: 2F
1-2: Strikes out swinging
Top of the 8th over - 0 run(s), 1 hit(s), 0 error(s), 1 left on base; Louisiana 1 - Syracuse 4
BOTTOM OF THE 8TH
Syracuse Storm batting - Pitching for Louisiana Dragoons : RHP Alfredo Velásquez
Batting: LHB José Trejo 0-0: Ball
1-0: Fly out, F9 (Line Drive, 9)
Batting: LHB Phil MacNamara 0-0: Ball
1-0: Fly out, F2 (Popup, 23)
Batting: RHB Jerry Bowen 0-0: Ball
1-0: Foul Ball, location: 2F
1-1: Called Strike
1-2: Foul Ball, location: 2F
1-2: Ball
2-2: Foul Ball, location: 2F
2-2: Ball
3-2: Strikes out swinging
Bottom of the 8th over - 0 run(s), 0 hit(s), 0 error(s), 0 left on base; Louisiana 1 - Syracuse 4
TOP OF THE 9TH
Louisiana Dragoons batting - Pitching for Syracuse Storm : RHP Gonzalo Montés
Pitching: RHP Raúl Díaz
Batting: RHB José Luque 0-0: Ball
1-0: Called Strike
1-1: Ball
2-1: Fly out, F7 (Flyball, 7S)
Batting: RHB Armando Carmona 0-0: Foul Ball, location: 2F
0-1: Foul Ball, location: 2F
0-2: Strikes out swinging
Batting: RHB Giuseppe Provolone 0-0: Ground out 4-3 (Groundball, 4)
Top of the 9th over - 0 run(s), 0 hit(s), 0 error(s), 0 left on base; Louisiana 1 - Syracuse 4
Monday, March 20th, 2017 - OOTP Baseball 17.12 Build 75